Map: Through the Darkness

Players

Tesla - Winner!

  • Race: Protoss Protoss

LTbishosrafa

  • Race: Protoss Protoss

VOD

Have the link to the VOD?

Description

Time

  • Played on: Sept. 25, 2016, 3:03 p.m.
  • Length: 8:10
Show
View Real Time Build Order
Export as new Build Order

Tesla Protoss - Winner!

Build Orders:  

Get SALT Encoding   

  12  0:01  Probe (Chrono Boost)  
  13  0:11  Probe (Chrono Boost)  
  14  0:22  Probe (Chrono Boost), Pylon  
  15  0:40  Probe (Chrono Boost)  
  15  0:42  Gateway  
  16  0:47  Assimilator  
  16  0:51  Probe (Chrono Boost)  
  17  1:01  Probe (Chrono Boost)  
  18  1:05  Gateway  
  18  1:11  Pylon  
  18  1:12  Probe (Chrono Boost)  
  19  1:23  Probe (Chrono Boost)  
  20  1:30  Cybernetics Core  
  20  1:34  Probe (Chrono Boost)  
  21  1:45  Probe (Chrono Boost)  
  22  1:55  Probe (Chrono Boost)  
  22  2:00  Nexus  
  22  2:06  Probe (Chrono Boost)  
  23  2:09  Warp Gate  
  23  2:15  Assimilator  
  23  2:17  Mothership Core (Chrono Boost)  
  25  2:29  Adept  
  27  2:35  Probe (Chrono Boost)  
  28  2:47  Probe (Chrono Boost), Pylon  
  29  2:57  Sentry, Assimilator  
  31  3:02  Assimilator  
  31  3:05  Adept  
  31  3:06  Pylon  
  31  3:07  Probe (Chrono Boost)  
  34  3:19  Probe (Chrono Boost)  
  35  3:20  Pylon  
  35  3:22  Probe (Chrono Boost)  
  36  3:31  Probe (Chrono Boost)  
  36  3:32  Probe (Chrono Boost), Robotics Facility  
  38  3:35  Stalker  
  40  3:43  Probe (Chrono Boost)  
  40  3:44  Probe (Chrono Boost)  
  42  3:49  Stalker  
  46  3:56  Probe x2 (Chrono Boost)  
  46  4:09  Probe (Chrono Boost)  
  48  4:10  Probe (Chrono Boost), Twilight Council  
  48  4:12  Pylon  
  48  4:19  Pylon  
  48  4:21  Probe (Chrono Boost)  
  48  4:22  Stalker  
  51  4:24  Observer  
  51  4:26  Probe (Chrono Boost)  
  51  4:31  Stalker  
  55  4:33  Probe (Chrono Boost)  
  56  4:40  Warp Prism  
  56  4:50  Resonating Glaives  
  56  4:51  Stalker  
  60  5:05  Probe (Chrono Boost)  
  60  5:06  Probe (Chrono Boost)  
  62  5:07  Adept  
  62  5:12  Immortal  
  64  5:18  Probe (Chrono Boost)  
  64  5:19  Forge  
  64  5:20  Pylon  
  64  5:21  Stalker  
  71  5:28  Gateway  
  71  5:29  Gateway  
  71  5:32  Gateway  
  71  5:35  Gateway  
  71  5:38  Protoss Ground Weapons Level 1  
  71  5:40  Stalker  
  74  5:44  Probe (Chrono Boost)  
  74  5:45  Probe (Chrono Boost)  
  74  5:46  Stalker  
  81  5:57  Immortal  
  81  6:02  Probe (Chrono Boost)  
  80  6:07  Stalker  
  82  6:12  Adept  
  84  6:27  Adept x2  
  84  6:28  Adept  
  90  6:34  Pylon  
  90  6:36  Pylon  
  90  6:38  Pylon  
  90  6:40  Pylon, Adept x2  
  94  6:52  Immortal  
  98  6:57  Adept x3  
  104  7:06  Pylon  
  104  7:08  Adept x2  
  96  7:40  Stalker x5  
  96  7:41  Stalker  
Show
View Real Time Build Order
Export as new Build Order

LTbishosrafa Protoss 

Build Orders:  

Get SALT Encoding   

  12  0:02  Probe (Chrono Boost)  
  13  0:12  Probe (Chrono Boost)  
  14  0:20  Pylon  
  14  0:23  Probe (Chrono Boost)  
  15  0:38  Probe (Chrono Boost)  
  16  0:44  Gateway  
  16  0:49  Probe (Chrono Boost)  
  17  0:50  Assimilator  
  17  0:59  Probe (Chrono Boost)  
  18  1:15  Pylon  
  18  1:20  Probe (Chrono Boost)  
  19  1:31  Probe (Chrono Boost)  
  20  1:42  Cybernetics Core  
  20  1:47  Nexus  
  20  1:48  Probe (Chrono Boost)  
  21  1:58  Probe (Chrono Boost)  
  22  2:09  Probe (Chrono Boost)  
  23  2:19  Forge, Probe (Chrono Boost)  
  23  2:21  Gateway  
  23  2:22  Warp Gate  
  24  2:30  Probe (Chrono Boost)  
  25  2:37  Stalker  
  25  2:40  Probe (Chrono Boost)  
  29  2:51  Probe (Chrono Boost)  
  29  3:01  Probe (Chrono Boost), Pylon  
  29  3:09  Stalker  
  31  3:13  Stalker  
  31  3:16  Probe x2 (Chrono Boost)  
  35  3:20  Assimilator  
  35  3:26  Probe x2 (Chrono Boost)  
  37  3:31  Protoss Ground Weapons Level 1  
  37  3:37  Probe (Chrono Boost)  
  37  3:39  Probe (Chrono Boost)  
  39  3:42  Assimilator  
  39  3:47  Probe (Chrono Boost)  
  40  3:50  Probe (Chrono Boost)  
  41  3:58  Probe (Chrono Boost)  
  41  4:02  Probe (Chrono Boost)  
  43  4:07  Pylon  
  43  4:08  Probe (Chrono Boost)  
  44  4:10  Gateway  
  46  4:17  Gateway  
  46  4:20  Mothership Core (Chrono Boost), Probe (Chrono Boost)  
  47  4:25  Assimilator  
  47  4:31  Probe (Chrono Boost)  
  49  4:38  Probe (Chrono Boost)  
  49  4:41  Probe (Chrono Boost)  
  50  4:47  Robotics Facility  
  50  4:49  Probe (Chrono Boost), Pylon  
  50  4:52  Probe (Chrono Boost)  
  52  4:59  Probe (Chrono Boost)  
  53  5:11  Protoss Ground Armor Level 1  
  53  5:17  Twilight Council  
  53  5:30  Pylon  
  53  5:31  Probe (Chrono Boost)  
  53  5:33  Probe (Chrono Boost)  
  55  5:41  Probe (Chrono Boost), Stalker x4  
  64  5:45  Probe (Chrono Boost)  
  65  6:03  Pylon  
  59  6:19  Immortal  
  63  6:41  Stalker x2  
  63  6:42  Stalker  
  63  6:46  Nexus  
  69  6:47  Pylon  
  69  6:48  Pylon  
  69  6:50  Pylon  
  68  7:05  Immortal  
Tags
 
Add a new tag
Caveats
  • Supply blocks, unpowered buildings, or Contaminate may cause inaccurate times.
  • Supply counts are checked every 10 seconds.